 Dungeon Crawl Stone Soup version 0.24.0-123-gd5b16e6ec5 (webtiles) character file.

Game seed: 6865642747974145494, levelgen mode: deterministic

157296 brucemayne the Executioner (level 17, -5/154 HPs)
             Began as a Hill Orc Monk on Jan 26, 2020.
             Was a High Priest of the Shining One.
             Slain by brucemayne's illusion (illusionary) (11 damage)
             ... woven by Mara
             ... on level 4 of the Shoals.
             The game lasted 01:21:38 (13737 turns).

brucemayne the Executioner (Hill Orc Monk)         Turns: 13737, Time: 01:21:39

Health: -5/154     AC: 21    Str: 21    XL:     17   Next: 39%
Magic:  0/29       EV: 13    Int: 10    God:    the Shining One [*****.]
Gold:   1509       SH: 14    Dex: 13    Spells: 16/16 levels left

rFire    . . .     SeeInvis .   l - +3 broad axe (flame)
rCold    + . .     Gourm    .   a - +0 shield {reflect}
rNeg     + + +     Faith    .   E - +3 plate armour {rC+}
rPois    +         Spirit   +   e - +0 helmet
rElec    +         Reflect  +   r - scarf {Spirit}
rCorr    .         Harm     .   t - +1 pair of gloves
MR       +....                  (no boots)
Stlth    ..........             z - amulet of regeneration
HPRegen  0.75/turn              B - +5 ring of evasion
MPRegen  0.21/turn              m - ring of the Fiend {*Corrode +Inv rElec rPois rN++ Stlth-}

@: lethally poisoned (-5 -> -8), about to teleport, glowing
A: no striking features
}: 1/15 runes: gossamer
a: Divine Shield, Cleansing Flame, Summon Divine Warrior, Renounce Religion,
Evoke Invisibility


You were on level 4 of the Shoals.
You worshipped the Shining One.
The Shining One was extremely pleased with you.
You were not hungry.

You visited 6 branches of the dungeon, and saw 31 of its levels.
You visited 1 bazaar.
You also visited: Ossuary and Volcano.

You collected 2628 gold pieces.
You spent 1119 gold pieces at shops.

Inventory:

Hand Weapons
 j - a +4 battleaxe of venom
 l - a +3 broad axe of flaming (weapon)
Missiles
 k - a throwing net (quivered)
 H - 8 silver javelins
Armour
 a - a +0 shield of reflection (worn)
 d - the +1 chain mail "Etiaweoh" {+Fly Regen+ rCorr Int-2}
   (You bought it in a shop on level 2 of the Orcish Mines)

   It affects your intelligence (-2).
   It lets you fly.
   It increases your rate of regeneration.
   It provides partial protection from all sources of acid and corrosion.
 e - a +0 helmet (worn)
 r - a scarf of spirit shield (worn)
 t - a +1 pair of gloves (worn)
 u - a +4 plate armour of fire resistance
 x - a scarf of resistance
 E - a +3 plate armour of cold resistance (worn)
 G - the cursed +0 ring mail of Midnight {rN+, unknown}
   (You found it on level 3 of the Shoals)

   It protects you from negative energy.
   It has a curse placed upon it.
 Q - a +0 troll leather armour
Jewellery
 m - the ring of the Fiend (right hand) {*Corrode +Inv rElec rPois rN++ Stlth-}
   (You bought it in a shop on level 9 of the Dungeon)

   [ring of attention]

   It insulates you from electricity.
   It protects you from poison.
   It greatly protects you from negative energy.
   It lets you turn invisible.
   It may corrode you when you take damage.
   It makes you less stealthy.
 n - a cursed amulet of rage
 z - an amulet of regeneration (around neck)
 B - a +5 ring of evasion (left hand)
 L - a +2 ring of slaying
 P - an uncursed ring of wizardry
 U - an uncursed ring of resist corrosion
 W - an uncursed ring of protection from magic
Wands
 b - a wand of acid (9)
 g - a wand of polymorph (19)
 o - a wand of iceblast (6)
 v - a wand of scattershot (8)
 D - a wand of enslavement (6)
 R - a wand of clouds (10)
 T - a wand of paralysis (24)
 Y - a wand of digging (8)
Scrolls
 f - 10 scrolls of identify
 h - a scroll of enchant weapon
 q - 3 scrolls of enchant armour
 w - 6 scrolls of teleportation
 y - 6 scrolls of remove curse
 O - 2 scrolls of fog
 Z - 2 scrolls of magic mapping
Potions
 i - 4 potions of resistance
 p - 3 potions of ambrosia
 s - 3 potions of lignification
 A - 3 potions of might
 C - a potion of magic
 F - 4 potions of brilliance
 I - 6 potions of haste
 J - a potion of flight
 K - a potion of agility
 M - 2 potions of berserk rage
 N - 3 potions of mutation
 S - a potion of cancellation
Miscellaneous
 V - a phantom mirror
Comestibles
 c - 12 rations


   Skills:
 + Level 14.8 Fighting
 - Level 21.2 Axes
 - Level 10.7 Armour
 - Level 2.4 Dodging
 - Level 1.5 Stealth
 - Level 15.0 Shields
 - Level 17.1 Invocations
 - Level 3.0 Evocations


You had 16 spell levels left.
You didn't know any spells.
Your spell library contained the following spells:

 Spells                   Type           Power        Failure   Level  Hunger
 Passwall                 Tmut/Erth      #.......     100%        2    ###....
 Song of Slaying          Chrm           #.......     100%        2    ###....
 Confuse                  Hex            #.......     100%        3    ####...
 Inner Flame              Hex/Fire       #.......     100%        3    ####...
 Ozocubu's Armour         Chrm/Ice       #.......     100%        3    ####...
 Ice Form                 Ice/Tmut       #.......     100%        4    #####..
 Excruciating Wounds      Chrm/Necr      #.........   100%        5    ######.
 Metabolic Englaciation   Hex/Ice        #.........   100%        5    ######.
 Ring of Flames           Chrm/Fire      #.........   100%        7    #######


Dungeon Overview and Level Annotations

Branches:
Dungeon (14/15)            Temple (1/1) D:5            Lair (6/6) D:10
 Shoals (4/4) Lair:3       Spider (4/4) Lair:3        Slime (0/5) Lair:5
    Orc (2/2) D:10            Elf (0/3) Orc:2        Vaults (0/5) D:13
Ossuary (visited)         Volcano (visited)

Altars:
Ashenzari
Elyvilon
Fedhas
Gozag
Hepliaklqana
Kikubaaqudgha
Makhleb
Nemelex Xobeh
Okawaru
Qazlal
Ru
Sif Muna
Trog
Uskayaw
Vehumet
Wu Jian
Xom
Yredelemnul
Zin
The Shining One
Beogh

Shops:
D:9 =   D:11 :![   Orc:2 *(:[

Annotations:
D:6 1 runed translucent door, MisterT's ghost, novice MiCK
Shoals:4 3 runed translucent doors, Mara; Polyphemus; eccles's ghost, adept DsBe
Spider:3 Azrael


Message History

Mara hits you but does no damage.
You are more poisoned.
You slash Mara!
Mara is severely wounded.
You hit brucemayne's illusion but do no damage.
You feel sick.
Mara blinks! x2; Brucemayne's illusion hits you!!
Brucemayne's illusion burns you.
Mara hits you from afar with a +1 demon trident of venom.
Unknown command.
You feel sick. You block Mara's attack.
You block brucemayne's illusion's attack.
As you read the scroll of teleportation, it crumbles to dust.
You feel strangely unstable.
You feel sick. Mara gestures at you. The bolt of fire hits you!!!
* * * LOW HITPOINT WARNING * * *
Mara hits you from afar with a +1 demon trident of venom!
* * * LOW HITPOINT WARNING * * *
Brucemayne's illusion hits you!
You die...

≈≈≈≈ ≈≈≈≈ ≈ ≈≈≈≈≈ ..≈≈
≈≈≈≈≈ .≈≈≈≈≈ ≈≈≈≈≈.
.≈≈≈≈≈ ≈≈≈≈≈.# #.≈≈≈≈≈
≈≈≈≈≈≈.####..≈≈≈≈≈
≈≈≈≈≈.R..@...≈≈≈≈≈
≈≈≈≈≈≈..@...≈≈≈≈≈≈
≈≈≈≈≈.§..R..≈≈≈≈≈≈
≈≈≈≈R........≈≈≈≈≈
≈≈≈≈.........≈≈≈≈≈ ≈≈
≈≈≈≈..........≈≈≈≈ ≈≈≈
#≈≈≈≈.........≈≈≈≈≈
#≈≈#≈≈≈≈≈......†..≈≈≈≈≈
≈#≈≈≈............≈≈≈≈≈


You could see 3 Maras and brucemayne's illusion.

Vanquished Creatures
  Arachne (Spider:1)
  Donald (Orc:2)
  4 ghost moths
  3 emperor scorpions (Spider:4)
  An entropy weaver (Spider:3)
  A red draconian (Volcano)
  A spark wasp (Spider:2)
  3 merfolk javelineers
  2 merfolk impalers
  Josephine (Orc:2)
  A fire dragon (Lair:6)
  5 hydras
  A two-headed ogre (D:9)
  A merfolk aquamancer (Shoals:3)
  Erica (D:8)
  2 catoblepae (Lair:6)
  An alligator snapping turtle (Shoals:2)
  15 death yaks
  4 satyrs
  An orc high priest (Orc:2)
  A salamander mystic (Volcano)
  An unseen horror (D:12)
  7 sea snakes
  13 harpies
  2 orc knights (Orc:2)
  A lindwurm (Lair:6)
  A necromancer (Lair:2)
  6 orb spiders
  3 orc sorcerers
  9 wolf spiders
  A deep elf mage (D:12)
  An ugly thing (D:12)
  4 salamanders (Volcano)
  2 manticores (Lair:6)
  12 fauns
  8 elephants (Lair:6)
  Maurice (Orc:2)
  7 merfolk sirens
  A water nymph (Shoals:2)
  6 black mambas
  4 gargoyles
  A molten gargoyle (Volcano)
  A centaur skeleton (D:10)
  7 torpor snails (Lair:6)
  13 spiny frogs
  2 rime drakes
  6 komodo dragons
  5 demonic crawlers
  23 merfolk
  14 jumping spiders
  10 hornets
  6 trolls
  3 wind drakes
  4 tyrant leeches (Lair:6)
  16 dream sheep
  16 blink frogs
  7 slime creatures
  5 hippogriffs
  7 snapping turtles
  14 tarantellas
  A wyvern (D:12)
  36 redbacks
  7 water elementals
  3 basilisks
  4 wraiths (Orc:2)
  42 yaks
  2 vampires (D:11)
  2 fire elementals (Spider:3)
  3 hungry ghosts
  5 fire bats (Volcano)
  4 vampire mosquitoes (D:11)
  Edmund (D:4)
  A soldier ant (D:12)
  2 wargs
  4 hell hounds
  9 water moccasins
  2 porcupines (Lair:5)
  A sky beast (D:10)
  19 orc warriors
  A black bear (D:12)
  A hornet zombie (Ossuary)
  2 ice beasts
  9 ogres
  2 eyes of draining
  8 wolves
  5 centaurs
  10 crocodiles
  2 big kobolds
  12 bullfrogs
  2 scorpions
  A wyvern skeleton (D:11)
  5 killer bees (D:8)
  5 wights
  3 electric eels (Lair:4)
  4 howler monkeys
  3 bullfrog zombies
  3 crimson imps
  6 lava snakes (Volcano)
  3 hounds
  7 centaur zombies (Ossuary)
  3 bullfrog skeletons
  5 jellies
  9 orc priests
  Jessica (D:2)
  Ijyb (D:4)
  An iguana (D:5)
  9 orc wizards
  3 worker ants
  3 yak simulacra (Lair:2)
  3 polar bear simulacra (Lair:2)
  2 wolf simulacra (Lair:2)
  A killer bee zombie (Ossuary)
  A hound skeleton (D:5)
  14 mummies
  4 worker ant zombies (Ossuary)
  A howler monkey zombie (Ossuary)
  5 gnolls
  11 adders
  6 shadow imps
  2 oozes
  2 adder zombies
  2 worms
  2 dart slugs (D:1)
  3 leopard geckos
  57 orcs
  A ball python (D:2)
  3 giant cockroaches
  6 goblins
  6 hobgoblins
  20 jackals
  5 quokkas
  4 bats (D:1)
  4 frilled lizards
  2 hobgoblin zombies (D:7)
  3 jackal zombies (Ossuary)
  14 kobolds
  A leopard gecko skeleton (D:7)
  2 leopard gecko zombies (Ossuary)
  A quokka skeleton (D:5)
  3 rats
  3 river rat simulacra (Lair:2)
  8 fungi
  11 plants
791 creatures vanquished.

Vanquished Creatures (collateral kills)
  An orc warlord (Orc:2)
  3 emperor scorpions (Spider:4)
  2 merfolk avatars (Shoals:4)
  A two-headed ogre (Orc:2)
  An orc high priest (Orc:2)
  2 harpies (Shoals:3)
  A wolf spider (Spider:1)
  2 orc knights (Orc:2)
  An orb spider (Spider:4)
  6 fauns (Shoals:3)
  A water nymph (Shoals:3)
  A merfolk siren (Shoals:3)
  A troll (Orc:2)
  A merfolk (Shoals:4)
  2 jumping spiders (Spider:4)
  5 redbacks (Spider:4)
  A wraith (Orc:2)
  2 wargs (Orc:2)
  6 orc warriors (Orc:2)
  2 orcs (Orc:2)
  A plant (Shoals:3)
43 creatures vanquished.

Vanquished Creatures (others)
  A merfolk impaler (Shoals:3)
  3 satyrs (Shoals:3)
  A faun (Shoals:3)
  A jumping spider (Spider:4)
  A merfolk (Shoals:3)
  A rat (D:4)
  16 fungi
  21 plants
  4 tentacles (Shoals:3)
  A withered plant (Ossuary)
50 creatures vanquished.

Grand Total: 884 creatures vanquished

Notes
Turn   | Place    | Note
-------+----------+-------------------------------------------
     0 | D:1      | brucemayne the Hill Orc Monk began the quest for the Orb.
     0 | D:1      | Reached XP level 1. HP: 19/19 MP: 1/1
   139 | D:1      | Reached XP level 2. HP: 18/26 MP: 2/2
   245 | D:1      | Reached skill level 5 in Axes
   366 | D:2      | Reached XP level 3. HP: 23/31 MP: 3/3
   403 | D:3      | Noticed a hungry ghost
   597 | D:2      | Reached skill level 6 in Axes
   682 | D:2      | Reached XP level 4. HP: 13/39 MP: 4/4
   781 | D:3      | Noticed Jessica
   798 | D:2      | Killed Jessica
   800 | D:2      | Reached skill level 7 in Axes
   970 | D:4      | Found an opulent altar of Gozag.
  1021 | D:4      | Noticed Edmund
  1046 | D:4      | Noticed an ogre
  1070 | D:4      | Killed an ogre
  1070 | D:4      | Reached skill level 8 in Axes
  1070 | D:4      | Reached XP level 5. HP: 45/45 MP: 5/5
  1091 | D:4      | Found a shimmering altar of Xom.
  1096 | D:4      | Noticed a two-headed ogre
  1141 | D:4      | Noticed Ijyb
  1155 | D:4      | Killed Ijyb
  1233 | D:4      | Reached XP level 6. HP: 21/51 MP: 6/6
  1275 | D:4      | Found a blossoming altar of Fedhas.
  1353 | D:4      | Killed Edmund
  1353 | D:4      | Reached skill level 9 in Axes
  1395 | D:5      | Entered Level 5 of the Dungeon
  1420 | D:5      | Found a staircase to the Ecumenical Temple.
  1427 | Temple   | Entered the Ecumenical Temple
  1474 | Temple   | Became a worshipper of the Shining One
  1474 | Temple   | Reached * piety under the Shining One
  1474 | Temple   | Reached ** piety under the Shining One
  1530 | D:5      | Reached skill level 10 in Axes
  1530 | D:5      | Reached XP level 7. HP: 48/57 MP: 7/7
  1868 | D:6      | Reached skill level 5 in Invocations
  1918 | D:6      | Noticed MisterT's ghost (novice MiCK)
  1921 | D:6      | Found a runed translucent door.
  2027 | D:7      | Found a sand-covered staircase.
  2031 | Ossuary  | Entered an ossuary
  2044 | Ossuary  | Reached XP level 8. HP: 60/66 MP: 11/11
  2046 | Ossuary  | Reached *** piety under the Shining One
  2103 | Ossuary  | Reached skill level 11 in Axes
  2106 | Ossuary  | Reached **** piety under the Shining One
  2113 | Ossuary  | Reached skill level 5 in Fighting
  2374 | D:7      | Reached ***** piety under the Shining One
  2407 | D:8      | Noticed Erica
  2409 | D:8      | Reached skill level 12 in Axes
  2422 | D:8      | Killed Erica
  2422 | D:8      | Reached XP level 9. HP: 37/81 MP: 4/12
  2442 | D:8      | Noticed a +0 hand axe
  2442 | D:8      | Noticed a -2 hand axe
  2444 | D:8      | Found a hide-covered altar of Uskayaw.
  2524 | D:8      | Reached skill level 13 in Axes
  2525 | D:8      | Noticed a queen bee
  2757 | D:9      | Found Cimumufe's Jewellery Boutique.
  2776 | D:9      | Noticed a two-headed ogre
  2792 | D:9      | Reached skill level 14 in Axes
  2824 | D:8      | Reached XP level 10. HP: 52/91 MP: 13/13
  3019 | D:9      | Reached skill level 15 in Axes
  3120 | D:9      | Found a hazy altar of Hepliaklqana.
  3120 | D:9      | Found a white marble altar of Elyvilon.
  3155 | D:9      | Killed a two-headed ogre
  3167 | D:10     | Entered Level 10 of the Dungeon
  3167 | D:10     | Noticed a gargoyle
  3192 | D:9      | Reached skill level 16 in Axes
  3217 | D:10     | Found a staircase to the Lair.
  3356 | D:10     | Killed a gargoyle
  3528 | D:10     | Reached skill level 1 in Armour
  3638 | D:11     | Found Uqyapses's Armour Emporium.
  3693 | D:10     | Noticed a gargoyle
  3696 | D:10     | Killed a gargoyle
  3696 | D:10     | Reached XP level 11. HP: 91/97 MP: 14/14
  3711 | D:10     | Reached skill level 5 in Armour
  3728 | D:10     | Found a staircase to the Orcish Mines.
  3816 | Orc:1    | Entered Level 1 of the Orcish Mines
  3913 | Orc:1    | HP: 7/145 [orc warrior/+1 hand axe of freezing (7)]
  3932 | Orc:1    | Noticed an orc sorcerer
  3933 | Orc:1    | Paralysed by an orc sorcerer for 6 turns
  4006 | D:11     | Reached skill level 1 in Evocations
  4173 | D:11     | Found Releit's Distillery.
  4251 | D:11     | Found a flickering gateway to a bazaar.
  4269 | D:11     | Identified the Compendium of the Wumpus
  4282 | Bazaar   | Entered a bazaar
  4282 | Bazaar   | Found Iceent's Magic Scroll Emporium.
  4286 | Bazaar   | Found Futirixo's General Store.
  4292 | Bazaar   | Found Heonas's General Store.
  4315 | Bazaar   | Found Yfink's Assorted Antiques.
  4320 | Bazaar   | Found Bipiuc's Distillery.
  4338 | Bazaar   | Bought a potion of heal wounds for 55 gold pieces
  4346 | Bazaar   | Bought a scroll labeled JUS CASUECK for 26 gold pieces
  4412 | D:11     | Reached skill level 17 in Axes
  4426 | D:11     | Found Evorgh's Book Shoppe.
  4561 | Orc:1    | Killed an orc sorcerer
  4687 | Orc:2    | Entered Level 2 of the Orcish Mines
  4687 | Orc:2    | Found a staircase to the Elven Halls.
  4697 | Orc:2    | Noticed an orc knight
  4714 | Orc:2    | Killed an orc knight
  4739 | Orc:2    | Noticed an orc sorcerer
  5006 | D:12     | Noticed a green ugly thing
  5013 | D:12     | Killed a green ugly thing
  5156 | D:13     | Noticed a deep elf mage
  5209 | D:12     | Noticed a deep elf mage
  5220 | D:12     | Killed a deep elf mage
  5220 | D:12     | Reached skill level 10 in Invocations
  5308 | D:14     | Noticed a two-headed ogre
  5345 | D:13     | Noticed a centaur warrior
  5383 | D:13     | Found a gate to the Vaults.
  5383 | D:13     | Noticed a yaktaur captain
  5439 | D:12     | Reached XP level 12. HP: 49/104 MP: 15/19
  5687 | D:12     | Reached skill level 10 in Fighting
  5788 | D:12     | Reached skill level 18 in Axes
  6110 | Orc:2    | Noticed Donald
  6120 | Orc:2    | Killed Donald
  6124 | Orc:2    | Noticed Josephine
  6131 | Orc:2    | Killed Josephine
  6152 | Orc:2    | Noticed a two-headed ogre
  6156 | Orc:2    | Found Guefas's Book Shoppe.
  6158 | Orc:2    | Killed a two-headed ogre
  6167 | Orc:2    | HP: 5/112 [orc knight/bolt (22)]
  6233 | Orc:2    | Noticed an orc warlord
  6307 | Orc:1    | Reached XP level 13. HP: 83/118 MP: 15/21
  6439 | Orc:2    | Killed an orc warlord
  6439 | Orc:2    | Reached skill level 19 in Axes
  6712 | Orc:2    | Found Xievoc's General Store.
  6806 | Orc:2    | Reached skill level 1 in Shields
  6810 | Orc:2    | Found Caciss's Antique Weapon Shoppe.
  6848 | Orc:2    | Found a roughly hewn altar of Beogh.
  6856 | Orc:2    | Noticed Maurice
  6873 | Orc:2    | Killed Maurice
  6883 | Orc:2    | Found Ruequd's Antique Armour Emporium.
  6891 | Orc:2    | Bought a warped chain mail for 180 gold pieces
  6891 | Orc:2    | Bought a glowing cloak for 142 gold pieces
  6970 | Orc:2    | Bought a glowing battleaxe for 190 gold pieces
  7040 | D:9      | Bought the ring of the Fiend {*Corrode +Inv rElec rPois
                  | rN++ Stlth-} for 526 gold pieces
  7054 | D:9      | Identified the cursed +1 chain mail "Etiaweoh" {+Fly Regen+
                  | rCorr Int-2} (You bought it in a shop on level 2 of the
                  | Orcish Mines)
  7118 | Lair:1   | Entered Level 1 of the Lair of Beasts
  7219 | Lair:2   | HP: 2/119 [seven-headed hydra (5)]
  7455 | Lair:2   | Found a dark tunnel.
  7463 | Volcano  | Entered a volcano
  7631 | Volcano  | Found a burning altar of Makhleb.
  7653 | Volcano  | Noticed a red draconian
  7676 | Volcano  | Killed a red draconian
  7830 | Lair:2   | Found a basalt altar of Yredelemnul.
  8082 | Lair:3   | Found a staircase to the Shoals.
  8209 | Lair:4   | Reached XP level 14. HP: 115/127 MP: 23/25
  8282 | Lair:5   | Reached skill level 15 in Invocations
  8309 | Lair:6   | Entered Level 6 of the Lair of Beasts
  8498 | Lair:5   | Identified the Incunabulum of Icy Shape Shifting
  8839 | Lair:6   | Reached skill level 20 in Axes
  8889 | Lair:6   | Found a runed translucent door.
  9078 | Lair:6   | Reached ****** piety under the Shining One
  9191 | Lair:6   | Reached XP level 15. HP: 134/134 MP: 27/27
  9387 | Lair:6   | Reached skill level 10 in Armour
  9720 | Lair:4   | Reached skill level 21 in Axes
 10149 | Lair:3   | Found a hole to the Spider Nest.
 10171 | Spider:1 | Entered Level 1 of the Spider Nest
 10258 | Spider:2 | Noticed Arachne
 10533 | Spider:1 | Killed Arachne
 10597 | Spider:2 | Reached skill level 5 in Shields
 10627 | Spider:3 | Noticed Azrael
 10658 | Spider:3 | Noticed a ghost moth
 10672 | Spider:3 | Killed a ghost moth
 10796 | Spider:4 | Entered Level 4 of the Spider Nest
 10796 | Spider:4 | Noticed a ghost moth
 10811 | Spider:3 | Killed a ghost moth
 11245 | Spider:4 | Reached XP level 16. HP: 141/141 MP: 28/28
 11361 | Spider:4 | Reached skill level 10 in Shields
 11630 | Spider:4 | Got a gossamer rune of Zot
 11928 | Shoals:1 | Entered Level 1 of the Shoals
 12432 | Shoals:3 | Got a heavily runed ring mail
 12905 | Shoals:4 | Entered Level 4 of the Shoals
 12909 | Shoals:4 | Noticed eccles's ghost (adept DsBe)
 12913 | Shoals:4 | Reached XP level 17. HP: 110/148 MP: 25/29
 12914 | Shoals:4 | Noticed Polyphemus
 12956 | Shoals:3 | Reached skill level 15 in Shields
 13033 | Shoals:3 | Noticed a kraken
 13051 | Shoals:4 | Found a runed translucent gate.
 13051 | Shoals:4 | Found a runed translucent gate.
 13051 | Shoals:4 | Found a runed translucent gate.
 13710 | Shoals:4 | Noticed Mara
 13732 | Shoals:4 | Noticed brucemayne's illusion
 13737 | Shoals:4 | HP: 6/154 [Mara/+1 demon trident of venom (9)]
 13737 | Shoals:4 | Slain by brucemayne's illusion (illusionary)

Levels and vault maps discovered:
D:1:      lemuel_arrival_broad_hall, layout_rooms, minmay_worlds_worst_comb
D:2:      layout_basic, first_ration
D:3:      layout_rooms, st_stairs_7, roderic_batcave, chequers_mini_garden,
          uniq_jessica
D:4:      layout_cave_pods, grunt_gozag_statues, lemuel_crystal_altar,
          serial_column_ruins, column_ruins_hut, column_ruins_open_small,
          column_ruins_columns_corner, column_ruins_open_medium,
          column_ruins_grid_3, fedhas_altar_1, uniq_edmund, uniq_ijyb
D:5:      layout_loops_ring, lemuel_round_altar, minmay_temple_entry_hall
D:6:      layout_basic, hellmonk_ghost_happy_afterlife, gup_sewer_entry_pipe
D:7:      lemuel_ice_spiral_2, layout_rooms, nicolae_ossuary_entry_giza,
          serial_rivers, chequers_serial_rivers_marsh,
          chequers_serial_rivers_marsh, chequers_serial_rivers_room_b,
          chequers_serial_rivers_small_b
D:8:      layout_basic, lemuel_doored_altar, dancing_weapons_uskayaw,
          david_nohive_1, minmay_misc_feat_pillars, uniq_erica
D:9:      layout_cave_pools, gammafunk_temple_overflow_elements, serial_shops,
          nicolae_shop_behind_doors, chequers_serial_rivers_small_b
D:10:     layout_roguey, lair_entry_dummy, hiddenorc2_lemuel
D:11:     minmay_curly_fans, layout_cave_pods, serial_shops, bzr_entry_dummy,
          shop, nicolae_shop_crystal, shop, kennysheep_minor_cross,
          minmay_joined_circles
D:12:     layout_loops_cross
D:13:     layout_rooms, david_vaults_2, ebering_ghost_inner_flame,
          hangedman_decor_slide_cut
D:14:     layout_loops_ring, special_room [special_room_orc],
          corexii_leaking_fountain, minivault_24
Temple:   zaba_magenta_temple
Lair:1:   layout_misc_corridors, uniq_prince_ribbit2
Lair:2:   cheibrodos_lair_river_kwai, layout_regular_city, basic_altar,
          enter_volcano_3, eino_house_with_fridge
Lair:3:   layout_regular_city, minmay_shoals_entry_lonely_mermaid,
          spider_nest_entry_a
Lair:4:   layout_regular_city, serial_bayou_lake_a, grunt_megastairs_3
Lair:5:   layout_loops_ring, nicolae_slime_entry_slimehenge, st_stairs_12,
          disabler_island, uniq_urug
Lair:6:   hangedman_lair_in_review, layout_misc_corridors, wormcave
Shoals:1: layout_shoals
Shoals:2: layout_shoals
Shoals:3: cheibrodos_shoals_baths, layout_shoals
Shoals:4: shoals_end_hangedman, layout_shoals, shoals_ilsuiw_alternative,
          gammafunk_ghost_split, nicolae_shoals_seven_spires,
          nicolae_shoals_aquamancer_cove, uniq_mara, uniq_polyphemus,
          uniq_nikola
Spider:1: layout_spider_delve, guppyfry_hornet_nest, uniq_jorgrun
Spider:2: layout_spider_delve, drop_trap, uniq_arachne
Spider:3: layout_spider_delve, uniq_azrael
Spider:4: grunt_spider_rune_circles, drop_trap
Orc:1:    layout_caves
Orc:2:    grunt_orc_gardens, layout_diamond_mine, grunt_orc_garden,
          grunt_orc_garden, grunt_orc_garden, grunt_orc_garden,
          portal_ice_cave_entry_pillars_1, mines1_david, uniq_maurice,
          uniq_josephine, uniq_donald

Skill      XL: |  1  2  3  4  5  6  7  8  9 10 11 12 13 14 15 16 17 |
---------------+----------------------------------------------------+-----
Axes           | 5 6 8 10 12 14 16 17 18 19 20 21 | 21.2
Invocations    | 5 10 11 14 17 | 17.1
Fighting       | 4 8 9 12 14 | 14.8
Armour         | 4 6 9 10 | 10.7
Evocations     | 3 |  3.0
Shields        | 3 9 14 15 | 15.0
Dodging        | |  2.4
Stealth        | |  1.5

Action                   |  1- 3 |  4- 6 |  7- 9 | 10-12 | 13-15 | 16-18 || total
-------------------------+-------+-------+-------+-------+-------+-------++-------
Melee: Hand axe          |    83 |       |       |       |       |       ||    83
       Dagger            |    22 |    76 |       |       |       |       ||    98
       War axe           |       |    10 |   326 |   368 |       |       ||   704
       Battleaxe         |       |       |       |   260 |   670 |       ||   930
       Broad axe         |       |       |       |       |   279 |   550 ||   829
       Morningstar       |       |       |       |       |     7 |       ||     7
Throw: Dart              |       |    10 |       |       |       |       ||    10
Invok: Divine Shield     |       |       |     5 |    12 |    14 |    10 ||    41
       Summon Divine War |       |       |       |     2 |     2 |     5 ||     9
Evoke: Wand              |       |       |       |    15 |     9 |     2 ||    26
  Use: Potion            |     1 |     4 |     1 |     4 |     5 |    11 ||    26
       Scroll            |       |       |     6 |     7 |    25 |     4 ||    42
 Stab: Sleeping          |     4 |       |       |       |       |       ||     4
  Eat: Chunk             |       |     1 |     2 |     3 |     1 |       ||     7
       Ration            |       |       |     3 |     4 |     5 |     4 ||    16
Armor: Robe              |    13 |       |       |       |       |       ||    13
       Ring mail         |       |    36 |       |       |       |       ||    36
       Chain mail        |       |     9 |   110 |   114 |   187 |       ||   420
       Plate armour      |       |       |       |    85 |   170 |   255 ||   510
       Troll leather arm |       |       |       |       |    10 |       ||    10
Dodge: Dodged            |    64 |    73 |   150 |   261 |   449 |   239 ||  1236
Block: Other             |       |       |    35 |    56 |    60 |       ||   151
       Shield            |       |       |       |       |   150 |   550 ||   700
       Reflection        |       |       |       |       |     1 |   102 ||   103
